[Event "15th Paleochora Open 2022"]
[Site "Paleochora"]
[Date "2022.07.18"]
[Round "3.12"]
[White "Bombek, Peter"]
[Black "Spyropoulos, Nikolaos"]
[Result "0-1"]
[ECO "A45"]
[WhiteElo "2091"]
[BlackElo "2446"]
[Annotator "TA"]
[PlyCount "42"]
[EventDate "2022.07.17"]
[EventType "swiss"]
[EventCountry "GRE"]
[SourceTitle "playchess.com"]
[Source "ChessBase"]
[SourceQuality "1"]
[TimeControl "40/5400+30:900+30"]

1. d4 Nf6 2. Bg5 c5 3. d5 Ne4 4. Bc1 e6 5. c4 Be7 {[%emt 0:11:06] [#]} 6. Nd2 $146 {[%emt 0:03:40] A45: Trompowsky Attack.} ({Predecessor:} 6. e3 Qa5+ 7. Bd2 Nxd2 8. Qxd2 Qxd2+ 9. Kxd2 exd5 10. cxd5 Na6 11. Bxa6 bxa6 12. Kc2 {½-½ (37) Alves Fernandez,S-Devine,G (2126) ICCF email 2015}) 6... exd5 7. cxd5 Nxd2 8. Bxd2 {[%emt 0:01:18] The position is equal.} O-O 9. e4 Bf6 10. Qc2 d6 11. Bd3 Nd7 12. f4 {[%emt 0:06:51] Inhibits Ne5.} (12. Nf3 $11) 12... b5 13. e5 $1 dxe5 14. Bxh7+ Kh8 {[%emt 0:00:03] [#] Hoping for ...exf4.} 15. Be4 $1 exf4 {[%emt 0:03:38] And now ...Re8 would win.} 16. Bxf4 {[%emt 0:01:16] Now White is beyond hope.} ({White should play} 16. Nf3 $15) 16... Re8 $19 {[%emt 0:04:35] Threatens to win with ...Qe7.} 17. O-O-O $2 (17. Nf3 Bxb2 18. Rd1 Bc3+ 19. Kf2) 17... Nb6 18. Kb1 {[%emt 0:09:58] [#]} (18. Re1 Bf5 19. Nf3 Rxe4 20. Rxe4) 18... Nc4 {[%emt 0:02:38] Black is clearly winning.} 19. Bc1 Nd6 20. Re1 Rxe4 21. Rxe4 Bf5 {[%emt 0:00:05][%mdl 64] Pin.  Weighted Error Value: White=0.70/Black=0.01 (flawless)} 0-1

[Event "15th Paleochora Open 2022"]
[Site "Paleochora"]
[Date "2022.07.18"]
[Round "3.13"]
[White "Alexiadis, Hristos"]
[Black "Banikas, Hristos"]
[Result "1/2-1/2"]
[ECO "E08"]
[WhiteElo "2283"]
[BlackElo "2598"]
[Annotator "TA"]
[PlyCount "27"]
[EventDate "2022.07.17"]
[EventType "swiss"]
[EventCountry "GRE"]
[SourceTitle "playchess.com"]
[Source "ChessBase"]
[SourceQuality "1"]
[TimeControl "40/5400+30:900+30"]

1. d4 Nf6 2. c4 e6 3. g3 Bb4+ 4. Bd2 Be7 5. Bg2 d5 6. Nf3 O-O 7. O-O Nbd7 8. Qc2 c6 9. Bf4 b6 10. b3 {[%emt 0:00:12] [#]} Nh5 $146 ({Predecessor:} 10... Ba6 11. Rd1 Rc8 12. Nc3 h6 13. h3 Nh5 14. Bc1 Nhf6 15. Bb2 Qc7 16. a4 Rfd8 17. Nd2 c5 18. Nb5 Qb8 19. e4 dxe4 20. Nxe4 cxd4 21. Bxd4 Nxe4 22. Qxe4 {½-½ (55) Sargissian,G (2691)-Giri,A (2758) Linares 2014}) 11. Bc1 Nhf6 12. Bf4 Nh5 13. Bc1 Nhf6 14. Bf4 {[%emt 0:00:06] Not much happened in this game. E08: Closed Catalan: Main Line: 7 Qc2.} 1/2-1/2

[Event "15th Paleochora Open 2022"]
[Site "Paleochora"]
[Date "2022.07.18"]
[Round "3.14"]
[White "Markidis, Konstantinos"]
[Black "Ali Marandi, Cemil Can"]
[Result "1/2-1/2"]
[ECO "C76"]
[WhiteElo "2259"]
[BlackElo "2561"]
[Annotator "TA"]
[PlyCount "64"]
[EventDate "2022.07.17"]
[EventType "swiss"]
[EventCountry "GRE"]
[SourceTitle "playchess.com"]
[Source "ChessBase"]
[SourceQuality "1"]
[TimeControl "40/5400+30:900+30"]

1. e4 e5 2. Nf3 Nc6 3. Bb5 g6 4. c3 a6 5. Ba4 d6 6. O-O Bg7 7. d4 Bd7 8. h3 Nf6 {[%emt 0:00:43] C76: Ruy Lopez: Deferred Steinitz: 5 c3 Bd7 6 d4 g6.} 9. Re1 O-O 10. Bc2 Re8 {[%emt 0:01:45] White has an edge.} 11. Nbd2 h6 12. Nf1 Nh5 {[%emt 0:01:23] [#]} 13. N1h2 $146 ({Predecessor:} 13. Be3 Qf6 14. N1h2 Nf4 15. dxe5 Nxe5 16. Nxe5 Rxe5 17. Ng4 Bxg4 18. Qxg4 Ne6 19. f4 {½-½ (55) Jones,G (2688)-Flores,D (2602) Khanty-Mansiysk 2019}) 13... Nf4 14. Bxf4 exf4 15. Qd2 g5 16. Rad1 Ne7 17. e5 Ng6 18. Be4 h5 (18... dxe5 $11 {keeps the balance.} 19. dxe5 (19. Bxb7 Rb8 $11) 19... Ba4 20. Qxd8 (20. Bxb7 Bxd1 21. Bxa8 Bxf3 $15) 20... Raxd8) 19. exd6 ({Much less strong is} 19. Bxb7 Rb8 20. Bxa6 g4 $14) (19. Qc2 $16 Nf8 20. exd6 (20. Bxb7 Rb8 $14) 20... cxd6 21. Bxb7 Rxe1+ 22. Nxe1) 19... cxd6 (19... Rxe4 $5 20. Rxe4 cxd6 $16) 20. Bxb7 Ra7 (20... Rb8 $14 21. Rxe8+ (21. Bxa6 Rxe1+ 22. Nxe1 Qb6 $16) 21... Qxe8) 21. Rxe8+ $16 Qxe8 22. Bd5 Qd8 (22... Bh6 $142) 23. Qc2 {[%emt 0:05:11] [#] Strongly threatening Qxg6.} Nf8 24. Qb3 Bf5 25. Re1 g4 26. hxg4 hxg4 27. Nd2 {[%emt 0:00:15] White is more active.} Re7 (27... Ng6 $16 28. Nhf1 Nf8) 28. Rxe7 $18 Qxe7 29. Qd1 {[%emt 0:00:22] Against Qe1+} g3 30. Nhf1 gxf2+ 31. Kxf2 Ne6 32. Nf3 Nc7 {[%emt 0:03:04] Weighted Error Value: White=0.15 (very precise) /Black=0.23 (precise)} 1/2-1/2

[Event "15th Paleochora Open 2022"]
[Site "Paleochora"]
[Date "2022.07.18"]
[Round "3.15"]
[White "Basso, Pier Luigi"]
[Black "Ayza Leon, David"]
[Result "1-0"]
[ECO "A65"]
[WhiteElo "2561"]
[BlackElo "2278"]
[Annotator "TA"]
[PlyCount "77"]
[EventDate "2022.07.17"]
[EventType "swiss"]
[EventCountry "GRE"]
[SourceTitle "playchess.com"]
[Source "ChessBase"]
[SourceQuality "1"]
[TimeControl "40/5400+30:900+30"]

1. d4 {[%emt 0:00:02] Stohl,I} Nf6 2. c4 g6 3. Nc3 Bg7 4. e4 d6 5. f3 O-O 6. Nge2 c5 7. d5 e6 8. Ng3 exd5 9. cxd5 h5 10. Be2 {[%emt 0:01:23] A65: Modern Benoni: 6 e4.} Nh7 {[%emt 0:03:35] Inhibits Bg5. 10...Nh7 has become a bit dusty these days.} 11. Be3 h4 12. Nf1 {[%emt 0:02:23] White has an edge.} f5 13. exf5 Bxf5 {[%emt 0:00:21] [#]} 14. g4 $146 ({Predecessor:} 14. Bf2 b5 15. a3 a6 16. Ne3 Nd7 17. g4 hxg3 18. hxg3 c4 19. Nxf5 gxf5 20. Kf1 {1-0 (50) Dreev,A (2690)-Tkachiev,V (2642) Shanghai 2001 CBM 085 [Stohl,I]}) 14... Bd7 15. Nd2 Qe7 16. Nce4 $36 {[%emt 0:01:20][%mdl 2048] White is more active.} b5 {[%emt 0:07:42] Prevents Nc4.} (16... Na6 $14) 17. a4 $1 $16 Nf6 18. Bg5 Qe5 19. Bxf6 Bxf6 20. axb5 {[%emt 0:00:52] aiming for Nc4.} Qxb2 21. Rb1 Qd4 22. Nc4 a5 (22... Be8 $16) 23. bxa6 (23. Ncxd6 $6 a4 $16) (23. Qd2 $18) 23... Nxa6 $2 (23... Rxa6 $16 24. Ncxd6 Ra4) 24. Qxd4 $2 (24. Nexd6 Nb4 25. Qxd4 Bxd4 $15) (24. Nb6 $1 $18 Rfd8 25. Nxa8 Rxa8 26. Nxf6+ (26. Nxd6 Nb4 $16) 26... Qxf6 27. Bxa6 Rxa6 28. O-O) 24... Bxd4 $14 {[%emt 0:00:06] A strong pair of Bishops.} 25. Nb6 (25. Nexd6 Nb4 26. Nb6 Ra7 27. Nxd7 Rxd7 $15) 25... Rfb8 {[%emt 0:04:37][%cal Oc5c4] White must now prevent ...c4!} 26. Kd2 Ra7 (26... Nb4 $1 $14 27. Nxd7 Ra2+ 28. Kd1 Rba8) 27. Nxd7 $18 (27. Nxd6 Nb4 28. Nxd7 Rxd7 $11) 27... Rxb1 28. Rf1 (28. Rxb1 $18 Nb4 29. Nb6 (29. Nxd6 Rxd7 30. Ne4 Nxd5 $14)) 28... Rd1+ $2 29. Rxd1 $14 {[%emt 0:00:29] Bxa6 is the strong threat. White is more active.} Nb4 {[%emt 0:00:13] [#]} 30. Rb1 Ra4 $2 (30... Rxd7 $11 {and Black has nothing to worry.} 31. Rf1 Kg7) 31. Nb6 Ra2+ 32. Kd1 h3 33. f4 {[%emt 0:12:41] Prevents Be5.} Bg1 34. Ng5 ({Weaker is} 34. Nxd6 Bxh2 35. Ne4 (35. Bc4 Rg2 $11) 35... Bxf4 $11) 34... Be3 $2 (34... Bxh2 35. Nxh3 Ra3) 35. Nxh3 $18 {[%emt 0:02:21] White is clearly winning.} Rd2+ 36. Ke1 {[%emt 0:00:02] Strongly threatening Nc4.} Nc2+ 37. Kf1 {[%emt 0:00:05] And now Nc4 would win.} Nd4 38. Re1 Rc2 39. Bd3 {[%emt 0:00:59][%csl LRc2,LRe3,LRg6] Weighted Error Value: White=0.45/Black=0.82} 1-0

[Event "15th Paleochora Open 2022"]
[Site "Paleochora"]
[Date "2022.07.18"]
[Round "3.16"]
[White "Kourkoulos-Arditis, Stamatis"]
[Black "Milonakis, Georgios"]
[Result "1-0"]
[ECO "E05"]
[WhiteElo "2535"]
[BlackElo "2256"]
[Annotator "TA"]
[PlyCount "119"]
[EventDate "2022.07.17"]
[EventType "swiss"]
[EventCountry "GRE"]
[SourceTitle "playchess.com"]
[Source "ChessBase"]
[SourceQuality "1"]
[TimeControl "40/5400+30:900+30"]

1. d4 Nf6 2. c4 e6 3. Nf3 d5 4. g3 Be7 5. Bg2 O-O 6. O-O dxc4 7. Qc2 a6 8. a4 Bd7 9. Rd1 {[%emt 0:01:24] E05: Open Catalan: 5 Nf3 Be7.} Bc6 10. Bg5 $1 {[%emt 0:00:09][%mdl 4] is now more promising than 10.Nc3.} Nbd7 11. Nbd2 {[%emt 0:00:44] The position is equal.} h6 12. Bxf6 Nxf6 13. Nxc4 Be4 14. Qb3 a5 15. Nfe5 {[%emt 0:03:14] [#] Strongly threatening Bxe4.} Bxg2 $146 ({Predecessor:} 15... Bd5 16. Rac1 Re8 17. Qc2 c6 18. e4 Bxc4 19. Qxc4 Qb6 20. d5 cxd5 21. exd5 Bb4 22. dxe6 Rxe6 {½-½ (59) Grischuk,A (2742)-Adams,M (2751) Sharjah 2017}) 16. Kxg2 Bb4 17. Rac1 Qe7 18. Qf3 c6 19. e3 Rfd8 20. h4 Rab8 21. Nd3 Bd6 22. Nxd6 Qxd6 23. Rc5 Qc7 24. g4 Nd7 25. Rh5 Qd6 {[%emt 0:05:59] [#] White stays focused until the end.} (25... Nf6 $1 $14) 26. g5 $1 $16 {[%emt 0:05:10] White is more active.} ({Don't take} 26. Rxa5 Ra8 27. Rxa8 Rxa8 $16) 26... Qd5 27. gxh6 Qxf3+ 28. Kxf3 g6 (28... gxh6 {is a better defense.} 29. Rg1+ (29. Rxa5 Ra8 $16) (29. Rxh6 Kg7 $16) 29... Kh7) 29. Rxa5 $18 Nf6 (29... Kh7 {might work better.} 30. Rg5 Ra8) 30. Ra7 Rd5 31. Nf4 Rd7 32. Ra5 b5 33. axb5 cxb5 34. Rc1 Kh7 35. Rc5 Kxh6 36. Raxb5 Rdb7 37. Rxb7 Rxb7 {[%emt 0:00:03][%mdl 4096] Endgame KRN-KRN} 38. Nd3 Nd5 39. e4 Nf6 (39... Nb4 {was necessary.}) 40. b4 Rd7 41. Ne5 Rxd4 42. Nxf7+ Kg7 43. Ng5 Rxb4 44. Nxe6+ Kh6 45. Rc8 Kh7 {[%emt 0:01:28] Inhibits Rh8+.} 46. Ng5+ Kg7 47. Rc7+ Kg8 48. Ra7 Rc4 $2 {[%emt 0:03:30] [#]} (48... Nh5 49. Ra8+ Kg7 50. Ne6+ Kf7) 49. Kf4 Nh5+ 50. Ke5 Rc2 51. f3 Rh2 52. Ra8+ Kg7 53. Ne6+ Kh7 54. Ra6 Kg8 55. Nf4 Rxh4 $2 (55... Nxf4 56. Kxf4 Kf7) 56. Nxg6 Rh1 57. Ne7+ Kf7 (57... Kf8 $142 58. Nf5 Kf7) 58. Ra7 Rf1 59. f4 Ng3 60. Nf5+ {[%emt 0:00:09] Weighted Error Value: White=0.11 (very precise) /Black=0.36} 1-0

[Event "15th Paleochora Open 2022"]
[Site "Paleochora"]
[Date "2022.07.18"]
[Round "3.18"]
[White "Levi, Netanel"]
[Black "Antic, Dejan"]
[Result "0-1"]
[ECO "C00"]
[WhiteElo "2193"]
[BlackElo "2452"]
[Annotator "TA"]
[PlyCount "64"]
[EventDate "2022.07.17"]
[EventType "swiss"]
[EventCountry "GRE"]
[SourceTitle "playchess.com"]
[Source "ChessBase"]
[SourceQuality "1"]
[TimeControl "40/5400+30:900+30"]

1. e4 c5 2. Nf3 e6 3. g3 Nc6 4. Bg2 Nf6 5. Qe2 d6 6. O-O Be7 7. c3 O-O {[%emt 0:01:02] C00: French: Unusual White 2nd moves.} 8. d4 d5 9. e5 Nd7 {[%emt 0:02:32] The position is equal.} 10. h4 {[%emt 0:04:48] is the legacy move (10.Be3).} a5 11. a4 b6 12. Qd1 Ba6 13. Re1 Rc8 (13... b5 $15) 14. Bf1 (14. Na3 $11 {feels stronger.}) 14... Bxf1 $15 15. Kxf1 {[%emt 0:00:14] [#]} cxd4 $146 ({Predecessor:} 15... f6 16. exf6 Nxf6 17. Kg2 Ne4 18. Nbd2 cxd4 19. Nxe4 dxe4 20. Nxd4 Nxd4 21. Qxd4 Bc5 22. Qxe4 Rxf2+ {0-1 (52) Safarli,E (2660)-Grachev,B (2683) Khanty-Mansiysk 2013}) 16. cxd4 f6 (16... Bb4 $5 17. Nc3 f6 18. exf6 Qxf6 $11) 17. exf6 Nxf6 18. Ng5 Qd7 19. Nc3 Bd6 20. Kg2 (20. Nxe6 Rce8 21. Nf4 (21. Nxf8 Qh3+ 22. Kg1 Ng4 23. Be3 Qh2+ 24. Kf1 Rxe3) 21... Rxe1+ 22. Kxe1 Bxf4 23. Bxf4 Qf5 $17) (20. Rxe6 $2 h6 21. Rxd6 (21. Nb5 $2 hxg5 22. Rxf6 Rxf6 $19) 21... Qxd6 $19) 20... e5 21. Nb5 (21. dxe5 $11 {was the only way to keep the balance.} Bxe5 22. Nf3) 21... Nxd4 22. Nxd4 exd4 23. Qxd4 (23. Ne6 $17) 23... h6 (23... Qf5 $1 $19 {has better winning chances. aiming for ...Rc2.} 24. Bd2 Rc2) 24. Nh3 $17 Qf5 {[%emt 0:03:27] ...Rc4 is the strong threat.} 25. Bf4 {[%emt 0:03:45] [#]} Rc4 $1 $36 {[%emt 0:01:18][%mdl 2048] Black is really pushing.} 26. Qe3 Bc5 {[%emt 0:04:25] Black is more active.} 27. Qf3 {[%emt 0:09:03] This costs White the game.} (27. Qe6+ $17 Qxe6 28. Rxe6) 27... Ne4 $19 {[%emt 0:01:23] Hoping for ...g5.} 28. Rad1 g5 29. hxg5 hxg5 {[%emt 0:00:11][%cal Bh6g5,Bg5g4,Bg4h3][%mdl 32] The board is on fire.} 30. Rxe4 $2 {[%emt 0:06:35] [#]} (30. Nxg5 Nxg5 31. Qxd5+ Kg7 32. Qd7+ (32. Qxc4 $2 {leads to mate.} Qh3+ 33. Kg1 Nf3#) (32. Bxg5 Qxf2+ 33. Kh3 Rh8+ 34. Bh4 Rhxh4+ 35. gxh4 Rxh4#) 32... Rf7 33. Qxf5 Rxf5 34. Re2) 30... g4 $1 {[%emt 0:01:45][%mdl 64] Zwischenzug, Double Attack. Black is clearly winning.} ({Weaker is} 30... dxe4 31. Qb3 gxf4 32. Qxc4+ Qf7 33. Qxf7+ (33. Qxe4 fxg3 34. Qg4+ Qg7 $16) 33... Kxf7 34. Nxf4 $16) ({And not} 30... Rxe4 31. Nxg5 Rd4 32. Re1 Qxg5 33. Bxg5 $11) 31. Qd3 Qxe4+ 32. Qxe4 gxh3+ {[%emt 0:00:05] Weighted Error Value: White=0.42/Black=0.11 (very precise)} 0-1

[Event "15th Paleochora Open 2022"]
[Site "Paleochora"]
[Date "2022.07.19"]
[Round "4.1"]
[White "Hamitevici, Vladimir"]
[Black "Stremavicius, Titas"]
[Result "1/2-1/2"]
[ECO "D35"]
[WhiteElo "2473"]
[BlackElo "2532"]
[Annotator "TA"]
[PlyCount "174"]
[EventDate "2022.07.17"]
[EventType "swiss"]
[EventCountry "GRE"]
[SourceTitle "playchess.com"]
[Source "ChessBase"]
[SourceQuality "1"]
[TimeControl "40/5400+30:900+30"]

1. d4 d5 2. c4 e6 3. Nc3 Nf6 4. cxd5 exd5 5. Bg5 Be7 6. e3 O-O 7. Bd3 h6 8. Bf4 c5 9. Nf3 a6 10. dxc5 Bxc5 11. O-O Nc6 12. Rc1 Bd6 13. Bxd6 Qxd6 14. h3 Rd8 15. Ne2 Qb4 16. Qc2 Bd7 17. a3 Qb6 18. Qc5 Qxc5 19. Rxc5 Ne4 20. Bxe4 dxe4 21. Nfd4 Rac8 22. Rfc1 f6 23. Nxc6 Rxc6 24. Rxc6 Bxc6 25. Nd4 Rc8 $1 26. Nf5 Kf8 $1 27. Rc4 Rd8 (27... g6 $11 28. Nd6 (28. Nxh6 Ke7 $11) 28... Rd8 29. Nxe4 Ke7) 28. Nd4 $16 Rc8 29. Nxc6 Rxc6 30. Rxe4 a5 31. g4 Rc2 32. b4 Ra2 33. bxa5 Rxa3 34. Rb4 Rxa5 35. Rxb7 h5 36. Kg2 hxg4 37. hxg4 g5 38. Kg3 Ra3 39. Kg2 (39. Rb5 $16) 39... Ra4 (39... Ra5 $1 $11 {remains equal.}) 40. Kf3 Ra2 41. Rh7 Rb2 42. Kg2 Rb4 43. f3 Kg8 44. Rd7 Rb2+ 45. Kg3 Re2 46. Rd3 Kf7 47. f4 gxf4+ 48. exf4 Re1 49. Rd7+ Ke8 50. Rc7 Rf1 51. Rc4 Kf7 52. Kg2 Ra1 53. Kf3 Re1 54. Rc7+ Kg8 55. Rd7 Kf8 56. Rd3 Kf7 57. f5 Re7 58. Rd4 Re1 59. Re4 Ra1 60. Ke3 Ra3+ 61. Kd4 Ra5 62. Kc4 Kg7 63. Re8 Kf7 64. Rc8 Kg7 65. Kd4 Rb5 66. Rc5 Rb4+ 67. Rc4 Rb5 68. Rc6 Ra5 69. Rb6 Kf7 70. Rb7+ Kf8 71. Rc7 Ra1 72. Kd5 Re1 73. Kd6 Re2 74. Rh7 Re1 75. Rc7 Re2 76. Kd5 Re5+ 77. Kd4 Re1 78. Rc6 Kf7 79. Kd5 Rd1+ 80. Ke4 Re1+ 81. Kf3 $1 Rf1+ 82. Kg2 Ra1 83. Rc7+ Kf8 84. Kg3 Rg1+ 85. Kf3 Rf1+ 86. Ke4 Re1+ 87. Kd5 Re5+ 1/2-1/2

[Event "15th Paleochora Open 2022"]
[Site "Paleochora"]
[Date "2022.07.19"]
[Round "4.2"]
[White "Spyropoulos, Nikolaos"]
[Black "Yilmazyerli, Mert"]
[Result "1/2-1/2"]
[WhiteElo "2446"]
[BlackElo "2520"]
[Annotator "TA"]
[PlyCount "31"]
[EventDate "2022.07.17"]
[EventType "swiss"]
[EventCountry "GRE"]
[SourceTitle "playchess.com"]
[Source "ChessBase"]
[SourceQuality "1"]
[TimeControl "40/5400+30:900+30"]

1. e4 c5 2. Nf3 d6 3. d4 cxd4 4. Qxd4 Nc6 5. Bb5 Bd7 6. Qd3 g6 {[%emt 0:01:50] The position is equal.} 7. O-O {[%emt 0:02:03] B53: Sicilian: 2...d6: Lines with Qxd4.} Bg7 8. c4 Nf6 9. Nc3 O-O {[%emt 0:00:42] [#] Not much happened in this game.  Weighted Error Value: White=0.00 (flawless) /Black=0.00 (flawless)} {Predecessor:} 10. h3 $146 a6 11. Bxc6 Bxc6 12. Nd4 Qb6 13. Nxc6 bxc6 14. b3 Nd7 15. Qc2 Nc5 16. Be3 {1-0 (58) Hovhannisyan,R (2632)-Yilmaz,M (2630) Tornelo INT 2021} 1/2-1/2

[Event "15th Paleochora Open 2022"]
[Site "Paleochora"]
[Date "2022.07.19"]
[Round "4.3"]
[White "Georgiadis, Anastasios"]
[Black "Bernadskiy, Vitaliy"]
[Result "0-1"]
[ECO "B07"]
[WhiteElo "1701"]
[BlackElo "2610"]
[Annotator "TA"]
[PlyCount "158"]
[EventDate "2022.07.17"]
[EventType "swiss"]
[EventCountry "GRE"]
[SourceTitle "playchess.com"]
[Source "ChessBase"]
[SourceQuality "1"]
[TimeControl "40/5400+30:900+30"]

1. d4 g6 2. e4 Bg7 3. Nf3 d6 4. Bd3 Nd7 5. O-O e5 6. c3 Ngf6 7. Nbd2 O-O 8. Re1 Re8 9. Nf1 exd4 $5 {[%emt 0:03:48][%mdl 4] Exploring less charted territory. B07: Pirc Defence: Miscellaneous Systems.} 10. cxd4 c5 {[%emt 0:00:03] [#]} 11. d5 $146 ({Predecessor:} 11. Bf4 cxd4 12. Bxd6 Ng4 13. N1d2 Nde5 14. Bxe5 Nxe5 15. Nxe5 Bxe5 16. Nf3 Bg7 17. Rc1 {0-1 (50) Levin,E (2524)-Sjugirov,S (2649) Sochi 2017}) 11... Ng4 {[%emt 0:01:36] Black is slightly better.} 12. Ne3 Nxe3 13. Rxe3 a6 14. a4 Ne5 15. Nxe5 Bxe5 16. Re1 Qh4 17. g3 Qf6 18. Kg2 Bxb2 19. Bxb2 Qxb2 20. Rb1 Qd4 21. Bc2 Qc3 22. Re3 Qa5 23. Qe1 Qc7 24. a5 {[%emt 0:00:19] Prevents b6.} Bd7 25. Rb6 Bb5 26. Qc3 {[%emt 0:03:22][%mdl 1024] White has compensation.} Rad8 27. f4 (27. h4 $11) 27... Qe7 ({Better is} 27... f5 $1 $17 28. Qf6 Rf8 29. Qe6+ Kg7) 28. Bd1 $11 f6 29. Bf3 Qg7 30. Bg4 Re7 31. Be6+ Kh8 32. Qe1 g5 33. Qf2 Be8 34. fxg5 Qxg5 35. Rf3 Bg6 36. Bf5 (36. h4 $11 {keeps the balance.} Qe5 37. Rxf6 Qxe4+ 38. Kg1) 36... Kg7 $2 (36... Rxe4 $17 {Threatens to win with ...Rd4.} 37. Rxb7 Rde8) 37. h4 $14 Qh6 38. Bxg6 $1 Qxg6 39. Rf5 Rdd7 40. Qf4 (40. h5 $1 $14 Qh6 41. Qf3) 40... h5 41. Rxd6 Rxd6 42. Qxd6 Rxe4 $11 {[%emt 0:00:21][%mdl 4096] Endgame KQR-KQR} 43. Rf2 c4 44. Qc7+ Qf7 45. d6 Rd4 {[%emt 0:01:54] Prevents Rd2.} 46. Rf4 ({But not} 46. Rb2 Kg6 47. Qe7 (47. Rxb7 {leads to mate.} Qd5+ 48. Kf2 Qf5+ 49. Ke2 Qe4+ 50. Kf1 Qf3+ 51. Kg1 Rd1+ 52. Kh2 Qh1#) 47... Qd5+ 48. Kf2 Qf5+ 49. Kg2 Qd5+ 50. Kf2 Qf5+ 51. Kg2 Qd5+ $17) 46... Rd2+ 47. Rf2 c3 (47... Rd5 $5 48. Qxc4 Rxd6 $17) 48. Qxc3 Rxd6 49. Rd2 Rc6 50. Qd4 Re6 51. Qd8 Re8 52. Qd6 Re5 53. Qd7 $2 (53. Qd8 $11 {and White has nothing to worry.} Qe8 54. Qc7+ Re7 55. Qd6) 53... Rxa5 $19 54. Qxf7+ Kxf7 {[%emt 0:00:04] KR-KR} 55. Rd7+ Ke6 $2 ({Black should play} 55... Kg6 $1 $19 {And now ...Rb5 would win.} 56. Rd8 b5 57. Rg8+ Kf5) 56. Rxb7 $11 Rb5 57. Ra7 a5 58. Kf3 Kf5 59. Ra8 Rb3+ (59... Rc5 $1 $19 60. Rh8 Rc3+ 61. Ke2 Kg4 62. Rg8+ Kh3) 60. Kg2 $1 $15 Ra3 61. Rh8 {[%emt 0:00:57] [#]} a4 $2 (61... Kg6 $1 $19 {...a4 is the strong threat.} 62. Rg8+ Kh7) 62. Ra8 $2 {[%emt 0:01:20] [#]} (62. Rh6 $1 $15) 62... Ke4 $2 (62... Ra1 $1 $19 {White must now prevent ...Ra2+.} 63. Rh8 a3) 63. Re8+ $11 Kd4 64. Rd8+ Kc3 65. Rc8+ Kb2 66. Ra8 Kb3 {[%emt 0:05:49] Hoping for ...Ra2+.} 67. Rb8+ Kc4 68. Rc8+ Kd3 {[%emt 0:02:27] Strongly threatening ...Rc3.} 69. Rd8+ Kc2 70. Ra8 $1 Ra2 71. Kf3 a3 72. Rc8+ $2 (72. g4 $1 $11 hxg4+ 73. Kxg4) 72... Kd2 $2 (72... Kd3 $19 73. g4 Ra1) 73. Ra8 Ra1 74. Rd8+ $2 (74. g4 $1 $11) 74... Kc2 $19 {[%emt 0:00:36] aiming for ...a2.} 75. Kg2 (75. Rc8+ $142 Kb3 76. Rb8+ Ka2 77. Rb5) 75... Rb1 76. Ra8 Kb2 {[%emt 0:00:32] ( -> ...a2)} 77. g4 hxg4 (77... a2 $142 78. gxh5 a1=Q 79. Rxa1 Rxa1) 78. h5 a2 79. Rb8+ Kc2 {[%emt 0:00:09] Weighted Error Value: White=0.22 (precise) /Black=0.22 (precise)} 0-1

[Event "15th Paleochora Open 2022"]
[Site "Paleochora"]
[Date "2022.07.19"]
[Round "4.4"]
[White "Yilmaz, Mustafa"]
[Black "Kalogeris, Ioannis"]
[Result "1-0"]
[ECO "D17"]
[WhiteElo "2634"]
[BlackElo "2406"]
[Annotator "TA"]
[PlyCount "43"]
[EventDate "2022.07.17"]
[EventType "swiss"]
[EventCountry "GRE"]
[SourceTitle "playchess.com"]
[Source "ChessBase"]
[SourceQuality "1"]
[TimeControl "40/5400+30:900+30"]

1. d4 {[%emt 0:00:02] Huebner,R} d5 2. c4 c6 3. Nf3 Nf6 4. Nc3 dxc4 5. a4 Bf5 6. Ne5 Nbd7 7. Nxc4 Nd5 {[%emt 0:12:37] D17: Slav Defence: 5 a4 Bf5: Lines with 6 Nh4 and 6 Ne5.} (7... Qc7 $11) 8. f3 $14 e5 9. e4 Nxc3 {[%emt 0:09:44] White is better.} 10. bxc3 Be6 11. Rb1 Qc7 12. Be3 {[%emt 0:02:21] [#] White is more active.} exd4 $146 (12... Rd8 $14) ({Predecessor:} 12... Rd8 13. Qc2 Be7 14. Be2 f6 15. O-O b6 16. Rbd1 Bf7 17. f4 O-O 18. dxe5 fxe5 19. Rxd7 Qxd7 20. Nxe5 {0-1 (53) Gelfand,B (2693)-Morozevich,A (2758) Mallorca 2004 CBM 104 [Huebner,R]}) 13. cxd4 $16 {[%emt 0:01:58] Hoping for d5.} (13. Qxd4 $6 f6 $11) 13... a5 $2 {[%emt 0:00:36] [#]} (13... Bxc4 $16 14. Bxc4 a5) 14. d5 $18 cxd5 15. exd5 Bf5 16. d6 Qc6 {[%emt 0:01:33] [#]} (16... Qb8 {was necessary.} 17. Rb5 Be6) 17. Rb6 $1 Nxb6 (17... Qc8 18. Qd4) 18. Nxb6 {[%emt 0:00:08] And now Bb5 would win.} ({Stronger than} 18. Bxb6 Be6 19. Qd4 Rc8 $15) 18... Qc3+ 19. Kf2 Qb2+ 20. Kg3 ({Don't play} 20. Kg1 Bxd6 21. Qxd6 Rd8 $18) 20... Rb8 (20... Qe5+ $2 21. Bf4 Bxd6 22. Bxe5) (20... Rd8 $142 21. Bb5+ Qxb5 22. axb5 Bxd6+ 23. Kf2 Bg3+ 24. Kxg3 Rxd1 25. Rxd1 O-O) 21. Bb5+ Kd8 22. Nc4 {[%emt 0:00:40][%csl LRa5,LRb2] Black did not feel at home in the position after the opening.  Weighted Error Value: White=0.02 (flawless) /Black=0.79} 1-0

[Event "15th Paleochora Open 2022"]
[Site "Paleochora"]
[Date "2022.07.19"]
[Round "4.5"]
[White "Vlachos, Anatole"]
[Black "Basso, Pier Luigi"]
[Result "1/2-1/2"]
[ECO "C72"]
[WhiteElo "2433"]
[BlackElo "2561"]
[Annotator "TA"]
[PlyCount "39"]
[EventDate "2022.07.17"]
[EventType "swiss"]
[EventCountry "GRE"]
[SourceTitle "playchess.com"]
[Source "ChessBase"]
[SourceQuality "1"]
[TimeControl "40/5400+30:900+30"]

1. e4 e5 2. Nf3 Nc6 3. Bb5 a6 4. Ba4 d6 5. O-O Bd7 6. d4 Nxd4 7. Bxd7+ Qxd7 8. Nxd4 exd4 9. Qxd4 Nf6 {[%emt 0:00:30] 9...Nf6 is better than 9...Ne7. C72: Ruy Lopez: Deferred Steinitz: 5 0-0.} 10. b3 Be7 11. Bb2 O-O 12. c4 Rfe8 13. Nc3 c6 {[%emt 0:01:10] [#] Prevents Nd5. An uneventful encounter.  Weighted Error Value: White=0.00 (flawless) /Black=0.02 (flawless)} {Predecessor:} 14. Rad1 $146 Rad8 15. Rfe1 b5 16. Ne2 Qb7 17. Ng3 Bf8 18. f3 bxc4 19. Qxc4 d5 20. Qc2 {1-0 (57) Deac,B (2625)-Salinas Herrera,P (2514) Chess.com INT 2020} 1/2-1/2